 Dungeon Crawl Stone Soup version 0.19.5 (webtiles) character file.

33 Patwa the Skirmisher (level 3, -3/29 HPs)
             Began as a Demonspawn Abyssal Knight on Mar 11, 2017.
             Was a Follower of Lugonu.
             Slain by a gnoll
             ... wielding a +0 halberd
              (9 damage)
             ... on level 2 of the Dungeon on Jan 14, 2018.
             The game lasted 00:08:46 (673 turns).

Patwa the Skirmisher (Demonspawn Abyssal Knight)     Turns: 673, Time: 00:08:47

Health: -3/29      AC: 10    Str: 13    XL:     3   Next: 12%
Magic:  4/4        EV:  6    Int: 13    God:    Lugonu [*.....]
Gold:   39         SH:  0    Dex: 12    Spells: 0 memorised, 2 levels left

rFire  . . .     SeeInvis .     a - +1 hand axe
rCold  . . .     Gourm    .     d - +2 chain mail
rNeg   . . .     Faith    .     (no shield)
rPois  .         Spirit   .     (helmet restricted)
rElec  .         Reflect  .     (no cloak)
rCorr  .         Harm     .     (no gloves)
MR     .....                    (no boots)
Stlth  ..........               (no amulet)
                                (no ring)
                                (no ring)

@: no status effects
A: antennae 1, powered by pain 1
a: Depart the Abyss, Renounce Religion


You were on level 2 of the Dungeon.
You worshipped Lugonu.
Lugonu was aware of your devotion.
You were not hungry.

You visited 1 branch of the dungeon, and saw 2 of its levels.
You visited the Abyss 1 time.

You collected 39 gold pieces.

Inventory:

Hand Weapons
 a - a +1 hand axe (weapon)
 e - a +0 dagger
 g - a cursed -2 hand axe
 h - a +0 club
Missiles
 n - 49 stones (quivered)
Armour
 b - a +0 leather armour
 d - a +2 chain mail (worn)
 j - a +0 plate armour
Scrolls
 l - a scroll of random uselessness {unknown}
 m - a scroll of teleportation
 o - a scroll of recharging
Potions
 f - a potion of flight {unknown}
 k - 2 potions of curing {unknown}
Comestibles
 c - 4 bread rations
 i - a meat ration


   Skills:
 + Level 3.6 Fighting
 + Level 2.2 Axes
 + Level 2.0 Armour
 + Level 1.0 Dodging
 + Level 2.5 Invocations


You had 2 spell levels left.
You didn't know any spells.

Dungeon Overview and Level Annotations

Branches:
Dungeon (2/15)

Altars:


Innate Abilities, Weirdness & Mutations

You have a pair of small antennae on your head.
You sometimes gain a little power by taking damage.


Message History

You slash the gnoll!
The gnoll is heavily wounded.
The gnoll hits you with a spear. The gnoll hits you but does no damage.
You hit the gnoll.
The gnoll is almost dead.
The gnoll hits you with a spear.
The gnoll hits you from afar with a spear.
You hit the gnoll.
You kill the gnoll!
Lugonu accepts your kill.
You have reached level 3!
Your experience leads to an increase in your attributes!
Increase (S)trength, (I)ntelligence, or (D)exterity?
You feel stronger.
Your demonic ancestry asserts itself...
A pair of antennae grows on your head! The gnoll hits you but does no damage.
The gnoll hits you with a spear.
* * * LOW HITPOINT WARNING * * *
The gnoll hits you from afar with a halberd!
You die...

### ###.. ..#.#
#.#.# #.... #
#.#.# #.#.# #.
#.#g# #.#.#
#.##.#g# #####.#.#
#....#@#
......#.#####..#.#
.................#
........#####..###
......<.# #>.#
.....†.## #..#
.......# #..# ###
.......# #..# ...
.#.##..# #..##.#


You could see 2 gnolls.

Vanquished Creatures
  A gnoll (D:2)
  An ooze (D:2)
  A dart slug (D:1)
  3 bats
  4 goblins (D:1)
  3 hobgoblins
  3 frilled lizards
  A kobold (D:1)
  A rat (D:1)
18 creatures vanquished.

Notes
Turn   | Place    | Note
-------+----------+-------------------------------------------
     0 | Abyss:1  | Patwa the Demonspawn Abyssal Knight began the quest for the Orb.
     0 | Abyss:1  | Reached XP level 1. HP: 18/18 MP: 2/2
    19 | Abyss:1  | Found a corrupted altar of Lugonu.
    90 | Abyss:1  | Noticed a large abomination
    98 | D:1      | Escaped the Abyss
   200 | D:1      | Gained mutation: You sometimes gain a little power by taking damage. [demonic ancestry]
   200 | D:1      | Reached XP level 2. HP: 17/24 MP: 3/3
   569 | D:2      | Reached skill level 1 in Dodging
   605 | D:2      | Reached * piety under Lugonu
   672 | D:2      | Gained mutation: You have a pair of small antennae on your head. [demonic ancestry]
   672 | D:2      | Reached XP level 3. HP: 9/29 MP: 4/4
   673 | D:2      | Slain by a gnoll

Skill      XL: |  1  2 |
---------------+-------+-----
Armour         | 2 |  2.0
Axes           | 2 |  2.2
Dodging        | 1 |  1.0
Fighting       | |  3.6
Invocations    | |  2.5

Action                   || total
-------------------------++-------
Melee: Hand axe          ||    60
Invok: Depart the Abyss  ||     1
  Use: Scroll            ||     4
Armor: Chain mail        ||    72
Dodge: Dodged            ||    21
